 Dungeon Crawl Stone Soup version 0.31.0-9-g3a7656b989 (webtiles) character file.

Game seed: 6634557990166239954

216040 Amplified the Eclecticist (level 18, -11/153 HPs)
             Began as a Mummy Alchemist on Jan 30, 2024.
             Was an Initiate of Gozag.
             Killed from afar by an ironbound thunderhulk (25 damage)
             ... with a bolt of lightning
             ... on level 3 of the Vaults on Feb 1, 2024.
             The game lasted 01:32:08 (40312 turns).

Amplified the Eclecticist (Mummy Alchemist)        Turns: 40312, Time: 01:32:09

Health: -11/153    AC: 17    Str: 23    XL:     18   Next: 5%
Magic:  36/41      EV: 14    Int: 14    God:    Gozag
Gold:   1142       SH: 17    Dex: 18    Spells: 32/56 levels left

rFire   + . .        g - +9 morningstar of Sosuaf {flame, Str+4}
rCold   + + .        a - +1 kite shield {reflect}
rNeg    + + +        D - +1 scale mail of Foolhardiness {rF+ Regen+ Dex+5}
rPois   ∞            A - +2 hat {Will+}
rElec   .            j - scarf {rC+ rF+}
rCorr   .            n - +1 Delatra's gloves {ID++}
SInv    .            r - +3 pair of seven-league boots {Rampage+∞}
Will    +++..        u - amulet of reflection
Stlth   +            o - +5 ring of evasion
HPRegen 1.25/turn    B - +4 ring of slaying
MPRegen 0.27/turn

%: reflection, rampage+∞, faith
@: no status effects
A: cold resistance 1, negative energy resistance 3, torment resistance 2, heat
vulnerability 1, in touch with death 2, no potions, faith
}: 1/15 runes: serpentine
a: Renounce Religion, Potion Petition, Call Merchant, Bribe Branch


You were on level 3 of the Vaults.
You worshipped Gozag.
Gozag was most pleased with you.
You visited 7 branches of the dungeon, and saw 31 of its levels.
You also visited: Volcano and Desolation.

You collected 13791 gold pieces.
You spent 3872 gold pieces at shops.
You paid 8777 gold pieces to Gozag.

Inventory:

Hand Weapons
 g - the +9 morningstar of Sosuaf (weapon) {flame, Str+4}
   (You bought it in a shop on level 8 of the Dungeon)

   Str+4:     It affects your strength (+4).
 x - a +2 demon whip of venom
Missiles
 w - 11 curare-tipped darts (quivered)
Armour
 a - a +1 kite shield of reflection (worn)
 j - a scarf of resistance (worn)
 m - a +3 scale mail of cold resistance
 n - the +1 Delatra's gloves (worn) {ID++}
   (You found it on level 4 of the Dungeon)

   ID++:      It heals its wearer when they drink unknown potions, and restores
   their MP when they read unknown scrolls.
 r - the +3 pair of seven-league boots (worn) {Rampage+∞}
   (You found it on level 2 of the Snake Pit)

   Rampage+∞: When moving toward enemies, its wearer moves as far as possible,
   alerting their target en route.
 A - a +2 hat of willpower (worn)
 D - the +1 scale mail of Foolhardiness (worn) {rF+ Regen+ Dex+5}
   (You bought it in a shop on level 9 of the Dungeon)

   Dex+5:     It affects your dexterity (+5).
   rF+:       It protects you from fire.
   Regen+:    It increases your rate of health regeneration.
Jewellery
 h - a ring of see invisible
 o - a +5 ring of evasion (left hand)
 u - an amulet of reflection (around neck)
 B - a +4 ring of slaying (right hand)
 C - a ring of willpower
Wands
 b - a wand of paralysis (2)
 d - a wand of mindburst (8)
 i - a wand of iceblast (4)
 p - a wand of polymorph (10)
 z - a wand of flame (44)
Scrolls
 e - 5 scrolls of amnesia
 k - 4 scrolls of immolation
 q - 7 scrolls of teleportation
 t - 4 scrolls of poison
 y - 10 scrolls of identify
Miscellaneous
 f - a phantom mirror


   Skills:
 * Level 16.8 Fighting
 * Level 12.7 Maces & Flails
 - Level 7.7 Armour
 - Level 1.5 Dodging
 - Level 1.5 Stealth
 * Level 7.5 Shields
 * Level 19.7 Spellcasting
 - Level 2.1 Conjurations
 - Level 7.6 Fire Magic
 - Level 4.1 Ice Magic
 - Level 1.7 Air Magic
 - Level 8.3 Alchemy


You had 32 spell levels left.
You knew the following spells:

 Your Spells              Type           Power      Damage    Failure   Level
a - Sting                 Conj/Alch      100%       1d9       1%          1
b - Mercury Vapours       Alch/Air       56%        N/A       3%          2
c - Mephitic Cloud        Conj/Alch/Air  25%        N/A       10%         3
d - Olgreb's Toxic Radia  Alch           37%        N/A       5%          4
e - Sticky Flame          Fire/Alch      36%        2d8       6%          4
f - Frozen Ramparts       Ice            50%        1d8       9%          3
g - Summon Ice Beast      Ice/Summ       19%        N/A       22%         3
h - Ignite Poison         Fire/Alch      36%        N/A       6%          4

Your spell library contained the following spells:

 Spells                   Type           Power      Damage    Failure   Level
 Freeze                   Ice            100%       1d10      3%          1
 Cigotuvi's Dreadful Rot  Necr/Alch/Air  100%       N/A       6%          2
 Magic Dart               Conj           76%        1d6       7%          1
 Ensorcelled Hibernation  Hex/Ice        38%        N/A       11%         2
 Inner Flame              Hex/Fire       24%        N/A       11%         3
 Hailstorm                Conj/Ice       22%        3d7       14%         3
 Sandblast                Erth           26%        2d8       17%         1
 Flame Wave               Conj/Fire      27%        2d9       22%         4
 Blink                    Tloc           26%        N/A       26%         2
 Call Imp                 Summ           26%        N/A       26%         2
 Jinxbite                 Hex            26%        N/A       26%         2
 Leda's Liquefaction      Alch/Erth      12%        N/A       30%         4
 Petrify                  Alch/Erth      25%        N/A       30%         4
 Dazzling Flash           Conj/Hex       32%        N/A       32%         3
 Stone Arrow              Conj/Erth      32%        3d9       32%         3
 Fugue of the Fallen      Necr           31%        N/A       45%         3
 Passwall                 Erth           13%        N/A       45%         3
 Tukima's Dance           Hex            13%        N/A       45%         3
 Fireball                 Conj/Fire      13%        3d7       52%         5
 Yara's Violent Unravell  Hex/Alch       12%        3d7       63%         5
 Brom's Barrelling Bould  Conj/Erth      16%        2d4       71%         4
 Iskenderun's Mystic Bla  Conj/Tloc      16%        2d5       71%         4
 Anguish                  Hex/Necr       15%        N/A       86%         4
 Animate Armour           Summ/Erth      26%        N/A       86%         4
 Dimensional Bullseye     Hex/Tloc       6%         N/A       86%         4
 Dispel Undead            Necr           31%        3d14      86%         4
 Martyr's Knell           Necr/Summ      31%        N/A       86%         4
 Iskenderun's Battlesphe  Conj           19%        2d7       89%         5
 Metabolic Englaciation   Hex/Ice        9%         N/A       89%         5
 Sculpt Simulacrum        Ice/Alch       15%        N/A       89%         6
 Silence                  Hex/Air        8%         N/A       97%         5
 Borgnjor's Vile Clutch   Necr/Erth      15%        N/A       99%         5
 Curse of Agony           Necr           31%        N/A       99%         5
 Summon Mana Viper        Hex/Summ       13%        N/A       99%         5
 Conjure Ball Lightning   Conj/Air       9%         3x3d6     100%        6
 Death Channel            Necr           15%        N/A       100%        6
 Enfeeble                 Hex            6%         N/A       100%        7
 Monstrous Menagerie      Summ           6%         N/A       100%        7
 Orb of Destruction       Conj           9%         9d6       100%        7
 Ozocubu's Refrigeration  Ice            12%        4d10      100%        7
 Ignition                 Fire           17%        3d7       100%        8
 Lehudib's Crystal Spear  Conj/Erth      8%         10d3      100%        8
 Polar Vortex             Ice            12%        12d1*     100%        9
 Animate Dead             Necr           Unusable   N/A       N/A         4

Dungeon Overview and Level Annotations

Branches:
Dungeon (15/15)            Temple (1/1) D:5            Lair (5/5) D:9
 Shoals (1/4) Lair:3        Snake (4/4) Lair:2        Slime (0/5) Lair:5
    Orc (2/2) D:9             Elf (0/3) Orc:2        Vaults (3/5) D:13
 Depths (0/4) D:15        Volcano (visited)         Desolation (visited)
  Crypt: Vaults:2-3

Altars:
Ashenzari
Cheibriados
Dithmenos
Fedhas
Gozag
Hepliaklqana
Kikubaaqudgha
Makhleb
Nemelex Xobeh
Okawaru
Qazlal
Ru
Sif Muna
Trog
Uskayaw
Vehumet
Wu Jian
Xom
Yredelemnul
Lugonu

Shops:
D:5 (   D:6 [   D:8 (   D:9 [?   D:10 *   Orc:1 (*   Orc:2 (:*[*   Shoals:1 *
Snake:3 [   Snake:4 (   Vaults:1 :

Portals:
Abyss: Lair:5
Pandemonium: Orc:2
Bazaar: Vaults:3

Annotations:
D:13 1 runed translucent door
D:14 Rupert
Shoals:1 HUGE DANGER. Get rElec!, Mlioglotl, Nikola
Vaults:3 3 runed translucent doors, abarbat's ghost, adept MiBe


Innate Abilities, Weirdness & Mutations

You are immune to poison.
Your flesh is cold resistant. (rC+)
You are immune to negative energy. (rN+++)
You are immune to unholy pain and torment.
You are vulnerable to heat. (rF-)
You are strongly in touch with the powers of death.
You do not drink.
You have a special connection with the divine. (Faith)


Message History

The slime creature hits you but does no damage.
Unknown command.
Okay, then.
You see here 4 silver javelins.
The slime creature attacks as it pursues you!
You block the slime creature's attack.
The slime creature attacks as it pursues you!
You block the slime creature's attack.
There is an open door here.
Strange energies crackle from the ironbound thunderhulk's apparatus.
The ironbound thunderhulk blinks!
The slime creature attacks as it pursues you!
The slime creature hits you.
* * * LOW HITPOINT WARNING * * *
As you read the scroll of fog, it dissolves into smoke.
The slime creature closely misses you.
The slime creature attacks as it pursues you!
The slime creature misses you.
There is an open door here.
The slime creature attacks as it pursues you!
You block the slime creature's attack.
The slime creature attacks as it pursues you!
The slime creature completely misses you.
There is an open door here.
Electricity crackles from the ironbound thunderhulk's apparatus.
The bolt of lightning hits you!!
* * * LOW HITPOINT WARNING * * *
Unknown command.
As you read the scroll of summoning, it crumbles to dust.
Wisps of shadow whirl around you... The lindwurm breathes flames at you.
The blast of flame hits your dire elephant!!!
The blast of flame hits the slime creature!!
The blast of flame hits you! You resist.
* * * LOW HITPOINT WARNING * * *
The blast of flame hits your dire elephant!!
Electricity crackles from the ironbound thunderhulk's apparatus.
The bolt of lightning hits you!!
You die...
Your body crumbles into a pile of gold.

######### #### ########
#...c...#### ... #......#
#....c.....# ..
#####....####^Y..≈≈≈##.#
.###..###§.###.#..c§.§.≈#.
.##....##§§##.TJ@Y.≈§c≈≈..#
..u..kGT§§O§k[Y#...≈c§§§..#
....>..§#§§#...#.O..§§§...#
.##.O..##§§##..############
.###..###..###.#
$#######...##### $$§#
#......# k#############
u.......#


You could see an ironbound thunderhulk, a slime creature (distracted, ally
target), a deep troll (ally target), a lindwurm (ally target), 3 friendly dire
elephants, a friendly ironbound thunderhulk (summoned), a friendly yaktaur
captain (summoned) and 4 friendly yaktaurs.

Vanquished Creatures
  A quicksilver dragon (Snake:4)
  Agnes (Snake:3)
  Aizul (Snake:2)
  2 vault wardens
  7 nagarajas
  2 frost giants
  6 ironbound preservers
  A formless jellyfish (Vaults:1)
  6 dire elephants
  Snorg (D:13)
  An entropy weaver (Vaults:1)
  An ettin (Orc:2)
  2 ragged hierophants (Desolation)
  Josephine (D:14)
  2 great orbs of eyes
  6 vault guards
  A demonspawn (Orc:2)
  2 yaktaur captains
  2 peacekeepers
  4 hydras
  11 anacondas
  9 centaur warriors
  2 salamander tyrants (Snake:4)
  2 ironbound frosthearts (Vaults:1)
  2 boulder beetles
  4 two-headed ogres
  2 catoblepae
  5 orc high priests (Orc:2)
  17 naga warriors
  4 tengu warriors
  9 shock serpents
  4 thrashing horrors (Lair:5)
  Sonja (D:13)
  10 naga sharpshooters
  A skyshark (Lair:4)
  A sun demon (Volcano)
  A deep elf knight (D:14)
  Amaemon (D:8)
  2 salamander mystics
  16 deep trolls
  2 arcanists
  6 naga ritualists
  3 lindwurms (Vaults:1)
  6 mana vipers
  8 harpies
  2 large abominations (Lair:5)
  4 orc knights (Orc:2)
  2 ironbound convokers (Vaults:1)
  A phantasmal warrior (Lair:2)
  7 orc sorcerers
  2 deep elf pyromancers
  A deep elf zephyrmancer (Orc:1)
  3 manticores
  Maurice (D:8)
  15 ugly things
  4 cyclopes
  11 salamanders
  A merfolk siren (Lair:3)
  6 elephants (Lair:4)
  3 meliai (D:12)
  40 black mambas
  4 vault sentinels
  2 kobold blastminers (Orc:2)
  A black mamba (shapeshifter) (Lair:5)
  4 guardian serpents
  11 cane toads
  2 smoke demons
  2 orange demons
  5 gargoyles
  17 naga magi
  An unseen horror (D:11)
  6 komodo dragons
  7 yaktaurs
  3 rime drakes
  2 freezing wraiths (D:14)
  3 ice devils (Orc:2)
  3 polar bears
  3 trolls
  A tarantella (shapeshifter) (D:15)
  A wind drake (shapeshifter) (D:14)
  A queen bee (D:12)
  8 saltlings
  Grinder (D:4)
  Prince Ribbit (D:7)
  15 blink frogs
  A hornet (D:8)
  A raiju (Lair:5)
  10 dream sheep
  A raiju (shapeshifter) (Lair:5)
  A tarantella (Vaults:1)
  18 slime creatures
  25 yaks
  2 spriggans (Lair:5)
  4 wyverns
  A shadow (D:13)
  11 wraiths
  A yak (shapeshifter) (Lair:5)
  2 ynoxinuls (Lair:5)
  5 basilisks
  A vampire (D:12)
  A human (Lair:2)
  5 steam dragons
  A warg (Orc:2)
  3 vampire mosquitoes (D:12)
  Menkaure (D:5)
  41 nagas
  4 hell hounds (Volcano)
  2 acid dragons
  2 swamp drakes
  9 water moccasins
  Duvessa (D:7)
  34 orc warriors
  8 ice beasts
  4 black bears
  5 boggarts
  2 sky beasts
  4 centaurs
  4 ogres
  7 wolves
  A phantom (D:7)
  A tengu (shapeshifter) (D:15)
  Blork the orc (D:4)
  A gnoll sergeant (D:8)
  4 scorpions
  12 small abominations (Lair:5)
  8 bullfrogs
  Dowan (D:7)
  3 wights (D:7)
  7 jellies
  32 killer bees
  An electric eel (Lair:3)
  A howler monkey (D:12)
  9 crimson imps
  2 hounds (D:6)
  5 bombardier beetles
  25 orc priests
  4 iron imps
  A sleepcap (D:6)
  4 iguanas
  Ijyb (D:3)
  22 orc wizards
  4 hell rats (Lair:4)
  Robin (D:4)
  6 adders
  6 gnolls
  A shadow imp (Orc:1)
  2 white imps
  3 dart slugs (D:2)
  5 ribbon worms
  80 orcs
  6 ball pythons
  7 bats
  8 endoplasms
  2 giant cockroaches
  11 goblins
  12 hobgoblins
  4 quokkas
  2 frilled lizards
  5 kobolds
  6 rats
925 creatures vanquished.

Vanquished Creatures (collateral kills)
  A salamander mystic (Snake:2)
  A rust devil (Orc:2)
  An efreet (D:13)
  A nameless horror (Snake:2)
4 creatures vanquished.

Vanquished Creatures (others)
  A yaktaur (Vaults:3)
  A shadow (D:10)
2 creatures vanquished.

Grand Total: 931 creatures vanquished

Notes
Turn   | Place    | Note
-------+----------+-------------------------------------------
     0 | D:1      | Amplified the Mummy Alchemist began the quest for the Orb.
     0 | D:1      | Reached XP level 1. HP: 13/13 MP: 4/4
   319 | D:1      | Reached skill level 3 in Spellcasting
   320 | D:1      | Reached XP level 2. HP: 17/20 MP: 6/6
   415 | D:1      | Found a faded altar of an unknown god.
   601 | D:1      | Reached skill level 1 in Fighting
  1095 | D:2      | Reached XP level 3. HP: 26/26 MP: 5/7
  1513 | D:2      | Learned a level 2 spell: Mercury Vapours
  1514 | D:2      | Found a shimmering altar of Xom.
  1887 | D:3      | Reached XP level 4. HP: 28/33 MP: 7/9
  2073 | D:3      | Noticed an ogre
  2117 | D:3      | Noticed Ijyb
  2125 | D:3      | Killed Ijyb
  2126 | D:3      | Reached skill level 4 in Spellcasting
  2561 | D:3      | Learned a level 3 spell: Mephitic Cloud
  2569 | D:3      | Reached XP level 5. HP: 39/39 MP: 2/11
  3416 | D:3      | Killed an ogre
  3417 | D:3      | Reached skill level 5 in Spellcasting
  3417 | D:3      | Reached XP level 6. HP: 47/47 MP: 10/13
  3874 | D:4      | Found a snail-covered altar of Cheibriados.
  4120 | D:4      | Reached XP level 7. HP: 54/54 MP: 12/15
  4339 | D:4      | Found the +1 Delatra's gloves {ID++}
  4496 | D:4      | Noticed Grinder
  4502 | D:4      | Killed Grinder
  4503 | D:4      | Reached skill level 6 in Spellcasting
  4860 | D:4      | Noticed Robin
  4875 | D:4      | Killed Robin
  5165 | D:5      | Entered Level 5 of the Dungeon
  5184 | D:5      | Learned a level 4 spell: Olgreb's Toxic Radiance
  5187 | D:5      | Noticed Menkaure
  5194 | D:5      | Killed Menkaure
  5195 | D:5      | Reached skill level 5 in Fighting
  5270 | D:5      | Reached skill level 7 in Spellcasting
  5270 | D:5      | Reached skill level 5 in Alchemy
  5270 | D:5      | Reached XP level 8. HP: 62/62 MP: 6/18
  5377 | D:5      | Noticed Blork the orc
  5553 | D:4      | Killed Blork the orc
  5943 | D:5      | Found a staircase to the Ecumenical Temple.
  5961 | Temple   | Entered the Ecumenical Temple
  6000 | Temple   | Became a worshipper of Gozag Ym Sagoz the Greedy
  6140 | D:5      | Found Xifoit's Firing Range.
  6473 | D:6      | Found Wopeuplo's Armour Shop.
  6631 | D:6      | Learned a level 4 spell: Sticky Flame
  6653 | D:6      | Reached skill level 8 in Spellcasting
  6956 | D:7      | Noticed Duvessa
  6956 | D:7      | Noticed Dowan
  6967 | D:7      | Killed Dowan
  6968 | D:7      | Killed Duvessa
  6969 | D:7      | Reached XP level 9. HP: 64/71 MP: 1/21
  7132 | D:7      | Identified the +1 ring mail "Mutaivuwn" {Rampage rPois rC-}
  7163 | D:7      | Reached skill level 1 in Fire Magic
  7583 | D:7      | Reached skill level 9 in Spellcasting
  7698 | D:7      | Noticed Prince Ribbit
  7886 | D:7      | Killed Prince Ribbit
  8481 | D:8      | Identified a scroll of acquirement
  8482 | D:8      | Acquired 1045 gold pieces
  8564 | D:8      | Noticed a two-headed ogre
  8628 | D:8      | Reached skill level 10 in Spellcasting
  8656 | D:8      | Bought the +9 morningstar of Sosuaf {flame, Str+4} for 946
                  | gold pieces
  8755 | D:8      | Reached skill level 1 in Maces & Flails
  8755 | D:8      | Reached XP level 10. HP: 64/80 MP: 16/24
  8920 | D:8      | Killed a two-headed ogre
  9107 | D:8      | Noticed Amaemon
  9160 | D:9      | Noticed a two-headed ogre
  9399 | D:8      | Identified the +6 sling of the Hurtling King {drain, rF+
                  | Str+5}
  9494 | D:8      | Reached skill level 11 in Spellcasting
  9781 | D:8      | Noticed an orange demon
  9785 | D:8      | Noticed Maurice
  9789 | D:8      | Killed an orange demon
  9804 | D:8      | Killed Maurice
  9805 | D:8      | Reached skill level 5 in Fire Magic
  9813 | D:8      | Killed Amaemon
 10596 | D:9      | Reached XP level 11. HP: 68/89 MP: 17/26
 10612 | D:9      | Killed a two-headed ogre
 10809 | D:9      | Found a staircase to the Lair.
 11153 | D:9      | Found a burning altar of Makhleb.
 11457 | D:9      | Found a staircase to the Orcish Mines.
 11631 | D:10     | Entered Level 10 of the Dungeon
 11703 | D:10     | Reached skill level 12 in Spellcasting
 12125 | D:10     | Reached skill level 10 in Fighting
 12598 | D:11     | Reached skill level 5 in Maces & Flails
 12687 | D:11     | Noticed a green ugly thing
 12692 | D:11     | Killed a green ugly thing
 13549 | D:12     | Noticed a boulder beetle
 13561 | D:12     | Killed a boulder beetle
 13886 | D:12     | Noticed a deep elf pyromancer
 13911 | D:12     | Killed a deep elf pyromancer
 14114 | D:12     | Identified the +2 falchion of Apyapt {venom, rPois rF+ rN+
                  | Stlth-}
 14118 | D:12     | Reached XP level 12. HP: 84/99 MP: 19/28
 14119 | D:12     | Reached skill level 13 in Spellcasting
 14773 | Orc:1    | Entered Level 1 of the Orcish Mines
 14773 | Orc:1    | Found Durraedgh's Jewellery Shoppe.
 15023 | Orc:1    | Found Ofaul's General Store.
 15028 | Orc:1    | Bought 2 scrolls of enchant armour for 240 gold pieces
 15392 | Orc:1    | Found Hyaxki's Weapon Shop.
 15677 | Orc:1    | Identified the +0 robe of Paguvo {+Inv rC+ Regen+ Int+4}
 15817 | Orc:2    | Entered Level 2 of the Orcish Mines
 15907 | Orc:2    | Reached skill level 1 in Armour
 16071 | Orc:2    | Noticed a two-headed ogre
 16077 | Orc:2    | Killed a two-headed ogre
 16385 | Orc:2    | Noticed an ettin
 16399 | Orc:2    | Killed an ettin
 16408 | Orc:2    | Found Kicagimno's Weapon Emporium.
 16569 | Lair:1   | Entered Level 1 of the Lair of Beasts
 16580 | Lair:1   | Reached skill level 14 in Spellcasting
 17259 | Lair:3   | Reached skill level 1 in Conjurations
 17264 | Lair:3   | Gained mutation: You are strongly in touch with the powers
                  | of death. [Mummy growth]
 17264 | Lair:3   | Reached XP level 13. HP: 71/107 MP: 19/31
 17352 | Lair:4   | Found a dark tunnel.
 17442 | Lair:4   | Reached skill level 1 in Air Magic
 17645 | Volcano  | Entered a volcano
 17786 | Volcano  | Learned a level 3 spell: Frozen Ramparts
 18291 | Lair:4   | Reached skill level 1 in Ice Magic
 18330 | Lair:5   | Entered Level 5 of the Lair of Beasts
 18647 | Lair:5   | Got an earthy gem with 1990 turns to spare
 18957 | Lair:5   | Reached skill level 15 in Spellcasting
 19452 | Lair:5   | Found a staircase to the Slime Pits.
 19732 | Lair:5   | Reached XP level 14. HP: 100/116 MP: 12/33
 20558 | Lair:5   | Reached skill level 5 in Armour
 20616 | Lair:5   | Found a corrupted altar of Lugonu.
 20616 | Lair:5   | Found a one-way gate to the infinite horrors of the Abyss.
 21387 | Lair:3   | Found a staircase to the Shoals.
 22000 | Lair:2   | Found a runed translucent door.
 22528 | Lair:2   | Found a staircase to the Snake Pit.
 24331 | Orc:2    | Learned a level 3 spell: Summon Ice Beast
 24422 | Orc:2    | Found Gaaluat's General Store.
 24481 | Orc:2    | Found Kireloj's General Store.
 24667 | Orc:2    | Bought a scroll of enchant armour for 105 gold pieces
 24667 | Orc:2    | Bought a scroll of blinking for 105 gold pieces
 24742 | Orc:2    | Found a staircase to the Elven Halls.
 25310 | Orc:2    | Reached skill level 16 in Spellcasting
 25566 | Orc:2    | Found Enesifem's Book Shoppe.
 25566 | Orc:2    | Found Zusil's Antique Armour Emporium.
 25566 | Orc:2    | Found a one-way gate leading to the halls of Pandemonium.
 25577 | Orc:2    | Bought a dazzling plate armour for 756 gold pieces
 25577 | Orc:2    | Identified the +0 plate armour "Weoss" {Harm rPois} (You
                  | bought it in a shop on level 2 of the Orcish Mines)
 25578 | Orc:2    | Bought a jewelled leather armour for 189 gold pieces
 25578 | Orc:2    | Identified the +1 leather armour of Dramatic Exits {rF+
                  | Int+3 Slay+2} (You bought it in a shop on level 2 of the
                  | Orcish Mines)
 25581 | Orc:2    | Bought an Everburning Encyclopedia for 456 gold pieces
 25924 | D:13     | Found a gate to the Vaults.
 26225 | D:13     | Noticed Sonja
 26255 | D:13     | Reached XP level 15. HP: 77/125 MP: 4/35
 26745 | D:14     | Learned a level 4 spell: Ignite Poison
 27030 | D:14     | Noticed Josephine
 27072 | D:15     | Entered Level 15 of the Dungeon
 27673 | D:15     | Found a staircase to the Depths.
 27673 | D:15     | Noticed a frost giant
 27681 | D:15     | Killed a frost giant
 28368 | D:14     | Killed Josephine
 28712 | D:14     | Found a broken altar of Ashenzari.
 29264 | D:14     | Noticed a frost giant
 29272 | D:14     | Killed a frost giant
 29273 | D:14     | Reached skill level 10 in Maces & Flails
 29496 | D:14     | Noticed Rupert
 29707 | D:13     | Killed Sonja
 29794 | D:13     | Found a runed translucent door.
 30597 | D:13     | Noticed Snorg
 30604 | D:13     | Killed Snorg
 30850 | D:9      | Bought a shimmering scale mail for 297 gold pieces
 30850 | D:9      | Identified the +1 scale mail of Foolhardiness {rF+ Regen+
                  | Dex+5} (You bought it in a shop on level 9 of the Dungeon)
 30956 | Snake:1  | Entered Level 1 of the Snake Pit
 31010 | Snake:1  | Reached skill level 17 in Spellcasting
 31737 | Snake:1  | Reached skill level 1 in Shields
 31815 | Snake:1  | Acquired 909 gold pieces
 32007 | Snake:1  | Reached XP level 16. HP: 111/134 MP: 13/37
 32892 | Snake:2  | Identified the serpent talisman of Negation {rC+ Str+3
                  | Int-5}
 32892 | Snake:2  | Noticed Aizul
 33141 | Snake:2  | Found the +3 pair of seven-league boots {Rampage+∞}
 33537 | Snake:3  | Reached skill level 15 in Fighting
 34435 | Snake:3  | Reached skill level 18 in Spellcasting
 34914 | Snake:4  | Entered Level 4 of the Snake Pit
 35001 | Snake:4  | Noticed Agnes
 35025 | Snake:3  | Killed Agnes
 35491 | Snake:4  | Found Tinudati's Antique Weapon Shoppe.
 35904 | Snake:4  | Reached skill level 5 in Shields
 36159 | Snake:4  | Reached XP level 17. HP: 120/143 MP: 20/39
 36176 | Snake:4  | Noticed a quicksilver dragon
 36189 | Snake:4  | Killed a quicksilver dragon
 36375 | Snake:4  | Got a serpentine rune of Zot
 36790 | Snake:2  | Identified the +6 plate armour of Idealism {^Drain Int+3}
 37047 | Snake:2  | Killed Aizul
 37448 | Shoals:1 | Entered Level 1 of the Shoals
 37457 | Shoals:1 | Bought an ancient chain mail for 389 gold pieces
 37457 | Shoals:1 | Identified the +1 chain mail of the Forgotten Cities {*Slow
                  | Regen+ Str+8 Dex-4} (You bought it in a shop on level 1 of
                  | the Shoals)
 37457 | Shoals:1 | Bought a heavily runed chain mail for 389 gold pieces
 37457 | Shoals:1 | Identified the +4 chain mail of the Pit {*Slow rPois Int+3
                  | Dex+2} (You bought it in a shop on level 1 of the Shoals)
 37462 | Shoals:1 | Noticed Nikola
 37468 | Shoals:1 | Noticed Mlioglotl
 37874 | Vaults:1 | Entered Level 1 of the Vaults
 37911 | Vaults:1 | Reached skill level 19 in Spellcasting
 38088 | Vaults:1 | Found a crumbling gateway.
 38205 | Vaults:1 | Found Edghecvi's Book Boutique.
 38268 | Desolati | Entered the Desolation of Salt
 40123 | Vaults:3 | Reached XP level 18. HP: 130/153 MP: 26/41
 40176 | Vaults:3 | Found a flickering gateway to a bazaar.
 40229 | Vaults:3 | Found a runed translucent gate.
 40229 | Vaults:3 | Found a runed translucent gate.
 40229 | Vaults:3 | Found a runed translucent gate.
 40229 | Vaults:3 | Noticed abarbat's ghost (adept MiBe)
 40312 | Vaults:3 | Killed from afar by an ironbound thunderhulk

Illustrated notes

Levels and vault maps discovered:
D:1:      ncdulo_watergridlock, layout_loops_ring,
          hellmonk_ecumenical_altar_lost_god, kennysheep_minor_cross,
          chequers_serial_rivers_small_b
D:2:      layout_basic, basic_altar
D:3:      kb_forest_paths, layout_basic, st_stairs_12, minmay_quantized,
          uniq_ijyb
D:4:      layout_loops_corners, slow_altar_1, kennysheep_generic_room_4,
          uniq_grinder, uniq_robin
D:5:      layout_rooms, minmay_temple_entry_nine_rooms,
          nicolae_shop_firing_range, uniq_menkaure, uniq_blork_the_orc
D:6:      layout_gridville, serial_shops, shop
D:7:      layout_loops_ring, uniq_prince_ribbit1, uniq_duvessa
D:8:      layout_layer_cave, uniq_amaemon, uniq_maurice
D:9:      layout_roguey, demons_altar, hellmonk_lair_entry_icy, erik_orc_1
D:10:     layout_roguey
D:11:     layout_cave_pods, minmay_nine_imps
D:12:     layout_roguey [special_room_bee]
D:13:     layout_basic, lightli_vaults_fourway_checkpoint,
          nicolae_danse_macabre, uniq_snorg, uniq_sonja
D:14:     hourglass_vault, layout_basic, nicolae_cairo_tiling_large,
          nicolae_ashenzari_panopticon, uniq_rupert, uniq_josephine
D:15:     grunt_enter_depths_snipers, layout_basic, minmay_misc_feat_pillars
Temple:   mainiacjoe_temple_big_plus
Lair:1:   layout_cave_pods
Lair:2:   layout_chaotic_city, minmay_snake_entry_spellcaster,
          pdpol_lair_cabin_in_the_woods
Lair:3:   layout_cave_shapes, elwin_shoals_entry_rooms, serial_bayou_pond_a,
          guppyfry_lair_drakes, grunt_megastairs_3
Lair:4:   layout_roguey, nicolae_volcano_entry_two_sided,
          eino_small_chamber_without_monster, wad_woods_03,
          infiniplex_staircase_pool, grunt_megastairs_2
Lair:5:   hellmonk_lair_end_abyssal_woods, layout_long_grid,
          nicolae_slime_entry_field_trip
Shoals:1: layout_shoals, serial_shops, nicolae_square_shop, ebering_ghost_xom,
          nicolae_shoals_shepherds, uniq_jorgrun, uniq_mlioglotl, uniq_nikola
Snake:1:  layout_onion, grunt_megastairs_1, lemuel_fruit_tree
Snake:2:  layout_misc_corridors, uniq_aizul
Snake:3:  layout_honeycomb
Snake:4:  hellmonk_snake_rune_quicksilver_temple, layout_misc_corridors,
          serial_shops, shop, uniq_agnes
Orc:1:    layout_caves, serial_shops, nicolae_shop_just_a_little_nook,
          nicolae_shop_just_a_little_nook, shop, basic_altar,
          hangedman_minor_magic
Orc:2:    pf_orc_diabolical, layout_caves, serial_shops,
          nicolae_shop_bloodbath_and_beyond, mines2_david
Vaults:1: portal_desolation_entry_garden, vaults_mumra_minichess,
          vaults_room_ringed_pool, nicolae_vaults_heist, grunt_vaults_swirl,
          nicolae_vaults_storage_room_doors, nicolae_vaults_ring_of_whatevers,
          vaults_standard_mumra_x, nicolae_vaults_alarming,
          nicolae_vaults_more_shelving_1, layout_vaults_omnigrid, serial_shops,
          shop
Vaults:2: v_misc_24, grunt_vaults_hallway_short, nicolae_vaults_specimen_jars,
          nicolae_vaults_stepped_doors, hangedman_vaults_trim,
          blue_anna_dwarven_crypt, v_pattern_5,
          nicolae_vaults_closet_pinwheel_1, ontoclasm_vaults_loading_screen,
          v_misc_31, nicolae_vaults_tetromino_L_2, layout_vaults_chaotic_city
Vaults:3: ebering_ghost_rock_garden, v_alt_pattern_4, v_misc_10,
          ontoclasm_vaults_twist, v_misc_9, v_misc_18, grunt_vaults_bifocal,
          vaults_room_semicircle, vaults_mumra_hexcomb, v_rooms_4,
          nicolae_vaults_trapezoid_1, nicolae_vaults_theta, layout_vaults_ring,
          serial_shops, bzr_entry_water

Skill      XL: |  1  2  3  4  5  6  7  8  9 10 11 12 13 14 15 16 17 |
---------------+----------------------------------------------------+-----
Spellcasting   | 3 4 5 7 8 10 11 12 14 15 16 17 18 19 | 19.7
Fighting       | 1 2 3 4 5 6 8 9 10 11 12 13 14 15 16 | 16.8
Alchemy        | 3 4 5 6 7 8 |  8.3
Fire Magic     | 3 5 6 7 |  7.6
Maces & Flails | 1 3 5 7 8 9 10 11 12 | 12.7
Armour         | 2 4 6 7 |  7.7
Conjurations   | 1 2 |  2.1
Air Magic      | 1 |  1.7
Ice Magic      | 3 4 |  4.1
Shields        | 1 5 7 |  7.5
Dodging        | |  1.5
Stealth        | |  1.5

Action                     |  1- 3 |  4- 6 |  7- 9 | 10-12 | 13-15 | 16-18 || total
---------------------------+-------+-------+-------+-------+-------+-------++-------
  Melee: Unarmed           |     8 |       |       |       |       |       ||     8
         Short sword       |    59 |   123 |   355 |       |       |       ||   537
         Punch             |     1 |     4 |    10 |     4 |    10 |       ||    29
         Morningstar       |       |       |     4 |   312 |   547 |   621 ||  1484
   Fire: Shortbow          |    40 |       |       |       |       |       ||    40
  Throw: Throwing net      |       |       |     2 |       |     1 |       ||     3
         Dart              |       |       |       |       |       |     2 ||     2
   Cast: Sting             |    24 |    14 |       |       |       |       ||    38
         Mercury Vapours   |       |    24 |    15 |     2 |     1 |       ||    42
         Mephitic Cloud    |       |     3 |    21 |    24 |    29 |     2 ||    79
         Olgreb's Toxic Ra |       |       |    19 |    91 |   110 |    50 ||   270
         Sticky Flame      |       |       |    14 |    42 |   151 |   131 ||   338
         Frozen Ramparts   |       |       |       |       |    29 |    32 ||    61
         Summon Ice Beast  |       |       |       |       |     5 |     1 ||     6
         Ignite Poison     |       |       |       |       |    27 |    17 ||    44
 Invoke: Call Merchant     |       |       |     1 |     2 |     1 |     2 ||     6
         Potion Petition   |       |       |       |       |     4 |     3 ||     7
  Evoke: Wand              |       |     2 |    23 |    10 |    23 |     5 ||    63
    Use: Scroll            |     6 |     2 |     7 |    10 |    15 |    12 ||    52
   Stab: Sleeping          |     1 |     3 |       |       |       |       ||     4
         Distracted        |       |     1 |       |     2 |     6 |     2 ||    11
         Confused          |       |     3 |    14 |     3 |     6 |       ||    26
         Held in net/web   |       |       |     3 |       |       |       ||     3
         Paralysed         |       |       |    23 |       |       |     1 ||    24
 Armour: Robe              |    61 |    53 |   155 |   165 |       |       ||   434
         Scale mail        |       |       |       |    17 |   623 |   657 ||  1297
  Dodge: Dodged            |    66 |    74 |   288 |   308 |   568 |   447 ||  1751
  Block: Kite shield       |       |       |       |       |    21 |   629 ||   650
         Reflection        |       |       |       |       |     3 |    56 ||    59
